Ice Dragons vs Punishers (R1)

Created - 2 octobre 2014 at 19:09

Goals
1 2 3 T
Ice Dragons 1 1 5 7
Punishers 0 1 1 2
Shots
1 2 3 T
Ice Dragons 9 10 17 36
Punishers 8 19 7 34

1st period

1. Ice Dragons , Alexander Radulov 2 (Troy Brouwer, Kris Beech) at 7:20 (PP)

Penalties :
Keaton Ellerby (Pro) for Hooking (Minor) at 6:45, Shean Donovan (Val) for High sticking (Minor) at 10:52

2nd period

2. Punishers , Mike Grier 3 (Éric Perrin) at 7:05
3. Ice Dragons , Frazer Mclaren 1 (John Mitchell, Shean Donovan) at 12:34

Penalties :
Reilly Smith (Val) for High sticking (Minor) at 4:13, Brayden McNabb (Val) for Holding (Minor) at 14:40

3rd period

4. Ice Dragons , Kris Beech 2 (Alexander Radulov, Troy Brouwer) at 3:38
5. Ice Dragons , Cal Clutterbuck 3 (Jeff Tambellini, Patrick O'Sullivan) at 11:34
6. Ice Dragons , John Mitchell 2 (Shean Donovan) at 14:25
7. Ice Dragons , Jeff Tambellini 5 (Patrick O'Sullivan) at 15:43
8. Punishers , Keaton Ellerby 1 (Éric Perrin, Kris Chucko) at 16:34 (PP)
9. Ice Dragons , Kris Beech 3 (Troy Brouwer) at 18:21

Penalties :
Troy Brouwer (Val) for Interference (Minor) at 8:23, Keaton Ellerby (Pro) for Roughing (Minor) at 11:56, Kris Beech (Val) for Hooking (Minor) at 16:24, Mike Grier (Pro) for Fighting (Major) at 18:40, Adam Pardy (Val) for Fighting (Major) at 18:40

Goalie Stats

Anders Nilsson (Val), 32 saves from 34 shots - (0,941), W, 2-0-0, 60:00 minutes
Robin Lehner (Pro), 29 saves from 36 shots - (0,806), L, 2-1-0, 60:00 minutes

Players Stats for Ice Dragons

Player Name              G  A  P  +/- PIM S  H  SB GA TA FO     MP     PP MP  PK MP  
------------------------------------------------------------------------------------
Adam Pardy               0  0  0   1  5   0  1  3  1  1  0/0    26:27   1:28   4:58 
Alexander Radulov        1  1  2   1  0   2  0  0  0  0  1/1    14:24   1:14   0:00 
Brayden McNabb           0  0  0   1  2   0  0  0  0  0  0/0     4:20   0:00   0:00 
Cal Clutterbuck          1  0  1   2  0   5  4  2  0  3  3/5    23:32   1:20   4:48 
Danny Syvret             0  0  0   5  0   2  1  1  0  0  0/0    17:10   0:00   3:08 
Frazer Mclaren           1  0  1   2  0   1  2  0  0  0  0/0     6:00   0:00   0:00 
Jeff Tambellini          1  1  2   2  0   10 1  0  0  1  2/4    22:05   1:20   3:03 
John Mitchell            1  1  2   2  0   3  0  1  0  0  0/1     7:42   0:00   1:40 
Jonathan Blum            0  0  0   1  0   1  1  3  0  1  0/0    22:16   1:28   0:00 
Kris Beech               2  1  3   1  2   3  4  1  0  0  17/20  18:43   1:14   4:20 
Marc-Antoine Pouliot     0  0  0   0  0   4  0  0  0  0  3/6    12:28   0:00   0:00 
Matt Walker              0  0  0  -1  0   0  2  2  0  0  0/0    20:34   1:06   4:58 
Patrick O'Sullivan       0  2  2   2  0   1  2  0  1  0  20/31  18:44   1:20   0:00 
Paul Bissonnette         0  0  0   0  0   1  3  0  0  0  1/1    13:08   0:00   0:40 
Peter Harrold            0  0  0  -1  0   0  0  0  0  0  0/0    19:36   1:06   3:08 
Reilly Smith             0  0  0   0  2   1  1  0  0  0  1/1    12:27   0:00   0:00 
Shean Donovan            0  2  2   2  2   1  0  1  0  0  0/0     7:56   0:00   1:41 
Troy Brouwer             0  3  3   1  2   1  1  1  2  0  0/0    14:25   1:14   0:00 
Tyler Eckford            0  0  0   4  0   0  0  2  0  0  0/0     9:51   0:00   0:00 

Players Stats for Punishers

Player Name              G  A  P  +/- PIM S  H  SB GA TA FO     MP     PP MP  PK MP  
------------------------------------------------------------------------------------
Adam McQuaid             0  0  0  -1  0   1  0  0  0  0  0/0    14:59   3:29   1:37 
Adam Pineault            0  0  0  -1  0   4  0  0  0  0  0/0    10:45   0:00   0:00 
Brad Isbister            0  0  0  -1  0   0  0  0  0  0  0/0    11:37   0:00   0:51 
Brandon McMillan         0  0  0  -1  0   0  0  0  0  0  1/4     7:02   0:01   0:00 
Casey Cizikas            0  0  0  -1  0   1  0  1  0  0  1/6    12:00   0:04   0:36 
Éric Perrin              0  2  2  -2  0   3  0  1  0  0  16/41  22:51   4:53   0:00 
Erik Condra              0  0  0  -1  0   3  4  1  0  0  0/1    16:47   3:12   0:00 
Justin Falk              0  0  0  -1  0   0  0  0  0  1  0/0    14:41   0:00   0:37 
Keaton Ellerby           1  0  1  -3  4   2  1  2  0  1  0/0    25:30   4:37   0:00 
Kris Chucko              0  1  1  -2  0   2  2  1  4  0  1/3    23:14   4:53   0:23 
Mark Fraser              0  0  0  -1  0   3  2  5  0  0  0/0    19:59   3:29   1:50 
Mike Blunden             0  0  0  -1  0   0  0  0  0  0  0/0     6:47   0:00   0:00 
Mike Grier               1  0  1  -2  5   2  1  0  1  0  0/1    24:15   4:51   1:33 
Mike Weber               0  0  0  -1  0   0  0  0  0  1  0/0     9:16   0:00   0:00 
Petteri Nokelainen       0  0  0  -1  0   3  3  1  0  0  2/13   18:20   3:12   1:33 
Radek Smolenak           0  0  0  -1  0   0  2  0  0  0  0/0     6:47   0:00   0:00 
Simon Despres            0  0  0   0  0   0  0  0  0  0  0/0     4:29   0:00   0:00 
Tanner Glass             0  0  0  -1  0   4  0  0  0  1  1/1    16:59   3:12   0:12 
Tom Gilbert              0  0  0  -3  0   6  0  2  1  0  0/0    26:08   4:37   0:37 
Zach Jones               0  0  0   0  0   0  0  0  0  0  0/0     4:57   0:00   0:27 

3 Stars

1 - Kris Beech (Val)
2 - Jeff Tambellini (Val)
3 - Cal Clutterbuck (Val)

Power Play

Ice Dragons - 1 on 2 Attempt(s) - 50,00%
Punishers - 1 on 5 Attempt(s) - 20,00%

Penalty Kill

Ice Dragons - 4 on 5 Attempt(s) - 80,00% - Score 0 goal in Penalty Kill
Punishers - 1 on 2 Attempt(s) - 50,00% - Score 0 goal in Penalty Kill

Official

Referees : Pochmara Brian and O'Rourke Dan
Linesman : Brad Kovachik and Derek Nansen

Game Notes

Mike Grier beats up Adam Pardy at 18:40 of 3rd period

Finance

Level 1 -- Attendance: 1544 (77,20%) -- Ticket Income 54 040 $
Level 2 -- Attendance: 721 (72,10%) -- Ticket Income 10 815 $
Total Attendance: 2265 (75,50%)
Total Ticket Income: 64 855 $
Other Income: 3 243 $
Total Income: 68 098 $

Ice Dragons

5 vs 5 Forward 
   Center                   Left Wing                Right Wing               Time % Phy DF OF 
 1 Patrick O'Sullivan       Jeff Tambellini          Cal Clutterbuck          40     1   2  2  
 2 Kris Beech               Troy Brouwer             Alexander Radulov        28     1   2  2  
 3 Marc-Antoine Pouliot     Paul Bissonnette         Reilly Smith             22     1   2  2  
 4 John Mitchell            Frazer Mclaren           Shean Donovan            10     1   3  1  

5 vs 5 Defense 
   Defense                  Defense                                           Time % Phy DF OF 
 1 Adam Pardy               Jonathan Blum                                     40     1   2  2  
 2 Matt Walker              Peter Harrold                                     30     1   2  2  
 3 Tyler Eckford            Danny Syvret                                      20     1   3  1  
 4 Brayden McNabb           Danny Syvret                                      10     1   3  1  

PowerPlay Forward 
   Center                   Left Wing                Right Wing               Time % Phy DF OF 
 1 Patrick O'Sullivan       Jeff Tambellini          Cal Clutterbuck          60     1   1  3  
 2 Kris Beech               Troy Brouwer             Alexander Radulov        40     1   1  3  

PowerPlay Defense
   Defense                  Defense                                           Time % Phy DF OF 
 1 Adam Pardy               Jonathan Blum                                     60     0   2  3  
 2 Matt Walker              Peter Harrold                                     40     0   2  3  

Penalty Kill 4 Players Forward 
   Center                   Wing                     Time % Phy DF OF 
 1 Kris Beech               Cal Clutterbuck          60     1   4  0  
 2 Jeff Tambellini          Shean Donovan            40     1   4  0  

Penalty Kill 4 Players Defense
   Defense                  Defense                  Time % Phy DF OF 
 1 Adam Pardy               Matt Walker              60     1   4  0  
 2 Peter Harrold            Danny Syvret             40     1   4  0  

Penalty Kill - 3 Players Forward 
   Forward                                           Time % Phy DF OF 
 1 Kris Beech                                        60     0   5  0  
 2 Shean Donovan                                     40     0   5  0  

Penalty Kill - 3 Players Defense
   Defense                  Defense                  Time % Phy DF OF 
 1 Adam Pardy               Matt Walker              60     0   5  0  
 2 Peter Harrold            Danny Syvret             40     0   5  0  

4 vs 4 Forward 
   Center                   Wing                     Time % Phy DF OF 
 1 Patrick O'Sullivan       Shean Donovan            60     1   3  1  
 2 Jeff Tambellini          Troy Brouwer             40     1   3  1  

4 vs 4 Defense
   Defense                  Defense                  Time % Phy DF OF 
 1 Adam Pardy               Jonathan Blum            60     1   3  1  
 2 Matt Walker              Danny Syvret             40     1   3  1  

Last Minutes Offensive
   Center                   Left Wing                Right Wing               Defense                  Defense                  
   Patrick O'Sullivan       Jeff Tambellini          Alexander Radulov        Adam Pardy               Jonathan Blum            

Last Minutes Defensive
   Center                   Left Wing                Right Wing               Defense                  Defense                  
   Kris Beech               Jeff Tambellini          Shean Donovan            Adam Pardy               Matt Walker              

Goaltenders
Starting : Anders Nilsson           
Backup : Todd Ford                

Extra Forwards
Normal : Troy Brouwer, Alexander Radulov, John Mitchell - PP : Reilly Smith, Shean Donovan - PK : Cal Clutterbuck
Extra Defensemen
Normal : Tyler Eckford, Jonathan Blum, Brayden McNabb - PP : Tyler Eckford - PK : Jonathan Blum, Brayden McNabb
Penalty Shots
Jeff Tambellini, Troy Brouwer, Alexander Radulov, Marc-Antoine Pouliot, Cal Clutterbuck

Punishers

5 vs 5 Forward 
   Center                   Left Wing                Right Wing               Time % Phy DF OF 
 1 Éric Perrin              Kris Chucko              Mike Grier               40     1   2  2  
 2 Petteri Nokelainen       Tanner Glass             Erik Condra              30     1   2  2  
 3 Casey Cizikas            Brad Isbister            Adam Pineault            20     1   2  2  
 4 Brandon McMillan         Radek Smolenak           Mike Blunden             10     1   2  2  

5 vs 5 Defense 
   Defense                  Defense                                           Time % Phy DF OF 
 1 Tom Gilbert              Keaton Ellerby                                    40     1   2  2  
 2 Mark Fraser              Justin Falk                                       30     1   2  2  
 3 Mike Weber               Adam McQuaid                                      20     1   2  2  
 4 Zach Jones               Simon Despres                                     10     1   2  2  

PowerPlay Forward 
   Center                   Left Wing                Right Wing               Time % Phy DF OF 
 1 Éric Perrin              Kris Chucko              Mike Grier               60     1   2  2  
 2 Petteri Nokelainen       Tanner Glass             Erik Condra              40     1   2  2  

PowerPlay Defense
   Defense                  Defense                                           Time % Phy DF OF 
 1 Tom Gilbert              Keaton Ellerby                                    60     1   2  2  
 2 Mark Fraser              Adam McQuaid                                      40     1   2  2  

Penalty Kill 4 Players Forward 
   Center                   Wing                     Time % Phy DF OF 
 1 Petteri Nokelainen       Mike Grier               60     1   2  2  
 2 Tanner Glass             Brad Isbister            40     1   2  2  

Penalty Kill 4 Players Defense
   Defense                  Defense                  Time % Phy DF OF 
 1 Mark Fraser              Keaton Ellerby           60     1   2  2  
 2 Tom Gilbert              Justin Falk              40     1   2  2  

Penalty Kill - 3 Players Forward 
   Forward                                           Time % Phy DF OF 
 1 Petteri Nokelainen                                60     1   2  2  
 2 Mike Grier                                        40     1   2  2  

Penalty Kill - 3 Players Defense
   Defense                  Defense                  Time % Phy DF OF 
 1 Mark Fraser              Keaton Ellerby           60     1   2  2  
 2 Tom Gilbert              Justin Falk              40     1   2  2  

4 vs 4 Forward 
   Center                   Wing                     Time % Phy DF OF 
 1 Éric Perrin              Kris Chucko              60     1   2  2  
 2 Petteri Nokelainen       Tanner Glass             40     1   2  2  

4 vs 4 Defense
   Defense                  Defense                  Time % Phy DF OF 
 1 Tom Gilbert              Keaton Ellerby           60     1   2  2  
 2 Mark Fraser              Justin Falk              40     1   2  2  

Last Minutes Offensive
   Center                   Left Wing                Right Wing               Defense                  Defense                  
   Éric Perrin              Kris Chucko              Mike Grier               Tom Gilbert              Keaton Ellerby           

Last Minutes Defensive
   Center                   Left Wing                Right Wing               Defense                  Defense                  
   Petteri Nokelainen       Tanner Glass             Mike Grier               Mark Fraser              Keaton Ellerby           

Goaltenders
Starting : Robin Lehner             
Backup : Kevin Poulin             

Extra Forwards
Normal : Casey Cizikas, Kris Chucko, Petteri Nokelainen - PP : Casey Cizikas, Brandon McMillan - PK : Brad Isbister
Extra Defensemen
Normal : Justin Falk, Keaton Ellerby, Simon Despres - PP : Mike Weber - PK : Adam McQuaid, Zach Jones
Penalty Shots
Brad Isbister, Tanner Glass, Kris Chucko, Mike Grier, Éric Perrin

% Time on Ice - Ice Dragons

Lines # - Real PCT - Wanted PCT - Time Play
Normal Forward
1 - 35% - 40% - 17:26
2 - 27% - 28% - 13:26
3 - 25% - 22% - 12:28
4 - 12% - 10% - 6:00
Normal Defense
1 - 43% - 40% - 21:04
2 - 31% - 30% - 15:22
3 - 18% - 20% - 8:49
4 - 8% - 10% - 4:05
PP Forward
1 - 52% - 60% - 1:20
2 - 48% - 40% - 1:14
PP Defense
1 - 57% - 60% - 1:28
2 - 43% - 40% - 1:06
PK Forward
1 - 74% - 60% - 6:00
2 - 26% - 40% - 2:06
PK Defense
1 - 61% - 60% - 4:58
2 - 39% - 40% - 3:08
PK3 Forward
1 - 0% - 60%
2 - 0% - 40%
PK3 Defense
1 - 0% - 60%
2 - 0% - 40%
44 Forward
1 - 0% - 60%
2 - 0% - 40%
44 Defense
1 - 0% - 60%
2 - 0% - 40%
Last Minute Offensive  - 0:00
Last Minute Defensive  - 0:00
Total
Forward - 60:00
Defense - 60:00

% Time on Ice - Punishers

Lines # - Real PCT - Wanted PCT - Time Play
Normal Forward
1 - 37% - 40% - 18:13
2 - 28% - 30% - 13:35
3 - 22% - 20% - 10:45
4 - 14% - 10% - 6:47
Normal Defense
1 - 42% - 40% - 20:55
2 - 30% - 30% - 14:40
3 - 19% - 20% - 9:16
4 - 9% - 10% - 4:29
PP Forward
1 - 60% - 60% - 4:54
2 - 40% - 40% - 3:12
PP Defense
1 - 57% - 60% - 4:37
2 - 43% - 40% - 3:29
PK Forward
1 - 92% - 60% - 2:22
2 - 8% - 40% - 0:12
PK Defense
1 - 76% - 60% - 1:57
2 - 24% - 40% - 0:37
PK3 Forward
1 - 0% - 60%
2 - 0% - 40%
PK3 Defense
1 - 0% - 60%
2 - 0% - 40%
44 Forward
1 - 0% - 60%
2 - 0% - 40%
44 Defense
1 - 0% - 60%
2 - 0% - 40%
Last Minute Offensive  - 0:00
Last Minute Defensive  - 0:00
Total
Forward - 60:00
Defense - 60:00

Play by Play

1st period


0:01 of 1st period - Patrick O'Sullivan wins face-off versus Kris Chucko in neutral zone.
0:50 of 1st period - Matt Walker is hit by Radek Smolenak and loses puck.
2:05 of 1st period - Tanner Glass is hit by Kris Beech.
2:46 of 1st period - Wrist shot by Radek Smolenak.
2:46 of 1st period - Shot Blocked by Adam Pardy.
2:54 of 1st period - Brandon McMillan is hit by Adam Pardy.
3:06 of 1st period - Slapshot by Éric Perrin.
3:06 of 1st period - Shot Blocked by Shean Donovan.
3:25 of 1st period - Alexander Radulov is hit by Petteri Nokelainen and loses puck.
3:30 of 1st period - Slapshot by Tanner Glass.
3:30 of 1st period - Shot Misses the Net.
3:44 of 1st period - Slapshot by Marc-Antoine Pouliot.
3:44 of 1st period - Shot Blocked by Mark Fraser.
3:46 of 1st period - Wrist shot by Reilly Smith.
3:46 of 1st period - Stopped by Robin Lehner without a rebound.
3:47 of 1st period - Éric Perrin wins face-off versus Patrick O'Sullivan in Punishers zone.
4:12 of 1st period - Keaton Ellerby is hit by Matt Walker and loses puck.
4:31 of 1st period - Snap shot by Kris Chucko.
4:31 of 1st period - Stopped by Anders Nilsson without a rebound.
4:32 of 1st period - Patrick O'Sullivan wins face-off versus Petteri Nokelainen in Ice Dragons zone.
4:57 of 1st period - Tanner Glass is hit by Frazer Mclaren and loses puck.
5:20 of 1st period - Snap shot by Tanner Glass.
5:20 of 1st period - Stopped by Anders Nilsson without a rebound.
5:21 of 1st period - Kris Beech wins face-off versus Éric Perrin in Ice Dragons zone.
5:30 of 1st period - Snap shot by Alexander Radulov.
5:30 of 1st period - Stopped by Robin Lehner with a rebound.
5:55 of 1st period - Wrist shot by Jeff Tambellini.
5:55 of 1st period - Shot Misses the Net.
6:45 of 1st period - Minor Penalty to Keaton Ellerby for Hooking.
6:46 of 1st period - Patrick O'Sullivan wins face-off versus Petteri Nokelainen in Punishers zone.
6:53 of 1st period - Wrist shot by Cal Clutterbuck.
6:53 of 1st period - Stopped by Robin Lehner with a rebound.
7:11 of 1st period - Mike Grier is hit by Kris Beech and loses puck.
7:20 of 1st period - Wrist shot by Alexander Radulov.
7:20 of 1st period - Goal by Alexander Radulov - Ice Dragons : 1 - Punishers : 0.
7:21 of 1st period - Cal Clutterbuck wins face-off versus Casey Cizikas in neutral zone.
7:26 of 1st period - Wrist shot by Patrick O'Sullivan.
7:26 of 1st period - Shot Blocked by Keaton Ellerby.
7:48 of 1st period - Snap shot by Tanner Glass.
7:48 of 1st period - Shot Blocked by Adam Pardy.
7:56 of 1st period - Snap shot by Troy Brouwer.
7:56 of 1st period - Stopped by Robin Lehner without a rebound.
7:57 of 1st period - Patrick O'Sullivan wins face-off versus Éric Perrin in Punishers zone.
8:10 of 1st period - Snap shot by Éric Perrin.
8:10 of 1st period - Shot Misses the Net.
8:12 of 1st period - Slapshot by Tom Gilbert.
8:12 of 1st period - Shot Misses the Net.
9:13 of 1st period - Wrist shot by Shean Donovan.
9:13 of 1st period - Shot Blocked by Mark Fraser.
9:30 of 1st period - Off-side.
9:31 of 1st period - Éric Perrin wins face-off versus Patrick O'Sullivan in neutral zone.
9:42 of 1st period - Snap shot by Jeff Tambellini.
9:42 of 1st period - Stopped by Robin Lehner without a rebound.
9:43 of 1st period - Patrick O'Sullivan wins face-off versus Éric Perrin in Punishers zone.
10:52 of 1st period - Minor Penalty to Shean Donovan for High sticking.
10:53 of 1st period - Kris Beech wins face-off versus Éric Perrin in Ice Dragons zone.
12:52 of 1st period - Penalty to Shean Donovan is over, Shean Donovan is back on ice.
12:54 of 1st period - Icing by Danny Syvret.
12:55 of 1st period - Marc-Antoine Pouliot wins face-off versus Mike Grier in Ice Dragons zone.
13:45 of 1st period - Snap shot by Cal Clutterbuck.
13:45 of 1st period - Stopped by Robin Lehner with a rebound.
13:55 of 1st period - Shean Donovan is hit by Petteri Nokelainen and loses puck.
14:15 of 1st period - Off-side.
14:16 of 1st period - Brandon McMillan wins face-off versus Marc-Antoine Pouliot in neutral zone.
14:25 of 1st period - Jonathan Blum is hit by Radek Smolenak and loses puck.
15:08 of 1st period - Slapshot by Adam Pardy.
15:08 of 1st period - Shot Blocked by Petteri Nokelainen.
15:24 of 1st period - Wrist shot by Jeff Tambellini.
15:24 of 1st period - Shot Misses the Net.
15:26 of 1st period - Wrist shot by Jonathan Blum.
15:26 of 1st period - Stopped by Robin Lehner without a rebound.
15:27 of 1st period - Éric Perrin wins face-off versus Patrick O'Sullivan in Punishers zone.
15:27 of 1st period - Éric Perrin is hit by Cal Clutterbuck.
15:41 of 1st period - Kris Chucko is hit by Cal Clutterbuck and loses puck.
15:50 of 1st period - Mark Fraser is hit by Patrick O'Sullivan and loses puck.
16:09 of 1st period - Wrist shot by Kris Chucko.
16:09 of 1st period - Shot Misses the Net.
16:11 of 1st period - Snap shot by Mark Fraser.
16:11 of 1st period - Shot Blocked by Danny Syvret.
16:13 of 1st period - Snap shot by Mike Grier.
16:13 of 1st period - Shot Misses the Net.
16:15 of 1st period - Snap shot by Éric Perrin.
16:15 of 1st period - Shot Misses the Net.
16:17 of 1st period - Snap shot by Éric Perrin.
16:17 of 1st period - Shot Blocked by Tyler Eckford.
16:31 of 1st period - Mark Fraser is hit by Cal Clutterbuck and loses puck.
16:48 of 1st period - Snap shot by Mike Grier.
16:48 of 1st period - Shot Misses the Net.
16:50 of 1st period - Wrist shot by Mark Fraser.
16:50 of 1st period - Shot Blocked by Tyler Eckford.
16:52 of 1st period - Snap shot by Kris Chucko.
16:52 of 1st period - Shot Misses the Net.
17:04 of 1st period - Wrist shot by Mike Grier.
17:04 of 1st period - Stopped by Anders Nilsson without a rebound.
17:05 of 1st period - Kris Beech wins face-off versus Petteri Nokelainen in Ice Dragons zone.
17:14 of 1st period - Adam Pardy is hit by Keaton Ellerby and loses puck.
17:40 of 1st period - Slapshot by Brad Isbister.
17:40 of 1st period - Deflect By Adam Pineault.
17:40 of 1st period - Stopped by Anders Nilsson without a rebound.
17:41 of 1st period - Reilly Smith wins face-off versus Petteri Nokelainen in Ice Dragons zone.
17:41 of 1st period - Reilly Smith is hit by Erik Condra.
17:47 of 1st period - Wrist shot by Reilly Smith.
17:47 of 1st period - Shot Misses the Net.
18:15 of 1st period - Slapshot by Erik Condra.
18:15 of 1st period - Shot Blocked by Matt Walker.
18:17 of 1st period - Slapshot by Tom Gilbert.
18:17 of 1st period - Deflect By Shean Donovan.
18:17 of 1st period - Stopped by Anders Nilsson with a rebound.
18:19 of 1st period - Snap shot by Keaton Ellerby.
18:19 of 1st period - Shot Blocked by John Mitchell.
18:21 of 1st period - Wrist shot by Petteri Nokelainen.
18:21 of 1st period - Shot Misses the Net.
18:23 of 1st period - Snap shot by Tanner Glass.
18:23 of 1st period - Stopped by Anders Nilsson with a rebound.
18:25 of 1st period - Wrist shot by Petteri Nokelainen.
18:25 of 1st period - Deflect By Erik Condra.
18:25 of 1st period - Stopped by Anders Nilsson with a rebound.
18:27 of 1st period - Slapshot by Tom Gilbert.
18:27 of 1st period - Stopped by Anders Nilsson without a rebound.
18:28 of 1st period - Casey Cizikas wins face-off versus Kris Beech in Ice Dragons zone.
19:00 of 1st period - Snap shot by Marc-Antoine Pouliot.
19:00 of 1st period - Shot Misses the Net.
19:02 of 1st period - Slapshot by Danny Syvret.
19:02 of 1st period - Stopped by Robin Lehner with a rebound.
19:35 of 1st period - Off-side.
19:36 of 1st period - Kris Beech wins face-off versus Brandon McMillan in neutral zone.
Goals for this period are 1 for Ice Dragons vs 0 for Punishers.
Shots for this period are 9 for Ice Dragons vs 8 for Punishers.

2nd period


0:01 of 2nd period - Éric Perrin wins face-off versus Patrick O'Sullivan in neutral zone.
0:36 of 2nd period - Snap shot by Adam Pineault.
0:36 of 2nd period - Stopped by Anders Nilsson with a rebound.
0:38 of 2nd period - Slapshot by Mark Fraser.
0:38 of 2nd period - Shot Blocked by Cal Clutterbuck.
0:52 of 2nd period - Wrist shot by Troy Brouwer.
0:52 of 2nd period - Shot Blocked by Erik Condra.
1:12 of 2nd period - Backhand shot by Marc-Antoine Pouliot.
1:12 of 2nd period - Shot Misses the Net.
1:18 of 2nd period - Slapshot by Marc-Antoine Pouliot.
1:18 of 2nd period - Stopped by Robin Lehner with a rebound.
2:24 of 2nd period - Wrist shot by Petteri Nokelainen.
2:24 of 2nd period - Stopped by Anders Nilsson without a rebound.
2:25 of 2nd period - Patrick O'Sullivan wins face-off versus Éric Perrin in Ice Dragons zone.
2:39 of 2nd period - Wrist shot by Cal Clutterbuck.
2:39 of 2nd period - Shot Blocked by Tom Gilbert.
3:03 of 2nd period - Snap shot by Éric Perrin.
3:03 of 2nd period - Stopped by Anders Nilsson without a rebound.
3:04 of 2nd period - Patrick O'Sullivan wins face-off versus Petteri Nokelainen in Ice Dragons zone.
3:04 of 2nd period - Patrick O'Sullivan is hit by Erik Condra.
3:20 of 2nd period - Wrist shot by Patrick O'Sullivan.
3:20 of 2nd period - Stopped by Robin Lehner without a rebound.
3:21 of 2nd period - Kris Beech wins face-off versus Casey Cizikas in Punishers zone.
3:22 of 2nd period - Slapshot by Troy Brouwer.
3:22 of 2nd period - Shot Blocked by Casey Cizikas.
3:27 of 2nd period - Tom Gilbert is hit by Matt Walker and loses puck.
3:34 of 2nd period - Wrist shot by Adam Pineault.
3:34 of 2nd period - Shot Misses the Net.
3:36 of 2nd period - Slapshot by Tom Gilbert.
3:36 of 2nd period - Stopped by Anders Nilsson with a rebound.
4:13 of 2nd period - Minor Penalty to Reilly Smith for High sticking.
4:14 of 2nd period - Kris Beech wins face-off versus Éric Perrin in Ice Dragons zone.
4:22 of 2nd period - Matt Walker is hit by Mark Fraser and loses puck.
4:29 of 2nd period - Wrist shot by Mike Grier.
4:29 of 2nd period - Shot Misses the Net.
4:45 of 2nd period - Snap shot by Petteri Nokelainen.
4:45 of 2nd period - Stopped by Anders Nilsson with a rebound.
4:47 of 2nd period - Snap shot by Erik Condra.
4:47 of 2nd period - Deflect By Tanner Glass.
4:47 of 2nd period - Shot Misses the Net.
4:47 of 2nd period - Puck is out of play.
4:48 of 2nd period - Éric Perrin wins face-off versus Jeff Tambellini in Ice Dragons zone.
5:01 of 2nd period - Wrist shot by Éric Perrin.
5:01 of 2nd period - Shot Misses the Net.
5:49 of 2nd period - Matt Walker is hit by Erik Condra and loses puck.
6:13 of 2nd period - Penalty to Reilly Smith is over, Reilly Smith is back on ice.
6:54 of 2nd period - Wrist shot by Adam Pineault.
6:54 of 2nd period - Stopped by Anders Nilsson with a rebound.
6:56 of 2nd period - Wrist shot by Casey Cizikas.
6:56 of 2nd period - Stopped by Anders Nilsson without a rebound.
6:57 of 2nd period - Kris Beech wins face-off versus Éric Perrin in Ice Dragons zone.
7:05 of 2nd period - Wrist shot by Mike Grier.
7:05 of 2nd period - Goal by Mike Grier - Ice Dragons : 1 - Punishers : 1.
7:06 of 2nd period - Éric Perrin wins face-off versus Patrick O'Sullivan in neutral zone.
7:09 of 2nd period - Slapshot by Tom Gilbert.
7:09 of 2nd period - Deflect By Patrick O'Sullivan.
7:09 of 2nd period - Stopped by Anders Nilsson with a rebound.
7:11 of 2nd period - Wrist shot by Tom Gilbert.
7:11 of 2nd period - Stopped by Anders Nilsson without a rebound.
7:12 of 2nd period - Patrick O'Sullivan wins face-off versus Éric Perrin in Ice Dragons zone.
7:38 of 2nd period - Slapshot by Tanner Glass.
7:38 of 2nd period - Shot Blocked by Matt Walker.
7:40 of 2nd period - Slapshot by Tom Gilbert.
7:40 of 2nd period - Deflect By Erik Condra.
7:40 of 2nd period - Shot Misses the Net.
7:40 of 2nd period - Puck is out of play.
7:41 of 2nd period - Kris Beech wins face-off versus Petteri Nokelainen in Ice Dragons zone.
7:54 of 2nd period - Wrist shot by Petteri Nokelainen.
7:54 of 2nd period - Shot Blocked by Jonathan Blum.
7:56 of 2nd period - Slapshot by Adam McQuaid.
7:56 of 2nd period - Deflect By Troy Brouwer.
7:56 of 2nd period - Stopped by Anders Nilsson with a rebound.
7:58 of 2nd period - Snap shot by Adam McQuaid.
7:58 of 2nd period - Shot Misses the Net.
8:22 of 2nd period - Snap shot by Tanner Glass.
8:22 of 2nd period - Stopped by Anders Nilsson with a rebound.
8:24 of 2nd period - Slapshot by Tom Gilbert.
8:24 of 2nd period - Shot Blocked by Adam Pardy.
8:26 of 2nd period - Snap shot by Petteri Nokelainen.
8:26 of 2nd period - Stopped by Anders Nilsson with a rebound.
8:28 of 2nd period - Slapshot by Mark Fraser.
8:28 of 2nd period - Shot Misses the Net.
8:30 of 2nd period - Slapshot by Mark Fraser.
8:30 of 2nd period - Stopped by Anders Nilsson with a rebound.
8:32 of 2nd period - Slapshot by Mark Fraser.
8:32 of 2nd period - Stopped by Anders Nilsson without a rebound.
8:33 of 2nd period - Patrick O'Sullivan wins face-off versus Éric Perrin in Ice Dragons zone.
8:33 of 2nd period - Patrick O'Sullivan is hit by Mike Grier.
8:45 of 2nd period - Wrist shot by Jeff Tambellini.
8:45 of 2nd period - Stopped by Robin Lehner with a rebound.
9:12 of 2nd period - Icing by Paul Bissonnette.
9:13 of 2nd period - Éric Perrin wins face-off versus Marc-Antoine Pouliot in Ice Dragons zone.
9:14 of 2nd period - Snap shot by Mike Grier.
9:14 of 2nd period - Shot Misses the Net.
9:16 of 2nd period - Slapshot by Tom Gilbert.
9:16 of 2nd period - Shot Misses the Net.
9:26 of 2nd period - Slapshot by Paul Bissonnette.
9:26 of 2nd period - Shot Misses the Net.
9:44 of 2nd period - Wrist shot by Jeff Tambellini.
9:44 of 2nd period - Stopped by Robin Lehner without a rebound.
9:45 of 2nd period - Patrick O'Sullivan wins face-off versus Petteri Nokelainen in Punishers zone.
10:17 of 2nd period - Wrist shot by Jeff Tambellini.
10:17 of 2nd period - Stopped by Robin Lehner without a rebound.
10:18 of 2nd period - Kris Beech wins face-off versus Éric Perrin in Punishers zone.
10:54 of 2nd period - Off-side.
10:55 of 2nd period - Cal Clutterbuck wins face-off versus Petteri Nokelainen in neutral zone.
11:10 of 2nd period - Snap shot by Erik Condra.
11:10 of 2nd period - Shot Blocked by Cal Clutterbuck.
12:32 of 2nd period - Snap shot by John Mitchell.
12:32 of 2nd period - Stopped by Robin Lehner with a rebound.
12:34 of 2nd period - Slapshot by Frazer Mclaren.
12:34 of 2nd period - Goal by Frazer Mclaren - Ice Dragons : 2 - Punishers : 1.
12:35 of 2nd period - Kris Beech wins face-off versus Éric Perrin in neutral zone.
12:50 of 2nd period - Wrist shot by Kris Chucko.
12:50 of 2nd period - Stopped by Anders Nilsson with a rebound.
14:01 of 2nd period - Kris Chucko is hit by Kris Beech.
14:24 of 2nd period - Snap shot by Tanner Glass.
14:24 of 2nd period - Stopped by Anders Nilsson with a rebound.
14:40 of 2nd period - Minor Penalty to Brayden McNabb for Holding.
14:41 of 2nd period - Kris Beech wins face-off versus Éric Perrin in Ice Dragons zone.
14:50 of 2nd period - Adam Pardy is hit by Kris Chucko and loses puck.
15:36 of 2nd period - Icing by Mike Grier.
15:37 of 2nd period - Petteri Nokelainen wins face-off versus Kris Beech in Punishers zone.
16:04 of 2nd period - Snap shot by Jeff Tambellini.
16:04 of 2nd period - Stopped by Robin Lehner without a rebound.
16:05 of 2nd period - Kris Chucko wins face-off versus Cal Clutterbuck in Punishers zone.
16:40 of 2nd period - Penalty to Brayden McNabb is over, Brayden McNabb is back on ice.
16:55 of 2nd period - Snap shot by Éric Perrin.
16:55 of 2nd period - Stopped by Anders Nilsson without a rebound.
16:56 of 2nd period - Marc-Antoine Pouliot wins face-off versus Erik Condra in Ice Dragons zone.
18:07 of 2nd period - Peter Harrold is hit by Erik Condra.
18:35 of 2nd period - Snap shot by Éric Perrin.
18:35 of 2nd period - Shot Misses the Net.
18:47 of 2nd period - Snap shot by Cal Clutterbuck.
18:47 of 2nd period - Stopped by Robin Lehner without a rebound.
18:48 of 2nd period - Patrick O'Sullivan wins face-off versus Casey Cizikas in Punishers zone.
18:55 of 2nd period - Snap shot by Cal Clutterbuck.
18:55 of 2nd period - Stopped by Robin Lehner without a rebound.
18:56 of 2nd period - Éric Perrin wins face-off versus Patrick O'Sullivan in Punishers zone.
19:29 of 2nd period - Slapshot by Erik Condra.
19:29 of 2nd period - Stopped by Anders Nilsson without a rebound.
19:30 of 2nd period - Petteri Nokelainen wins face-off versus Kris Beech in Ice Dragons zone.
19:48 of 2nd period - Slapshot by Keaton Ellerby.
19:48 of 2nd period - Shot Blocked by Kris Beech.
Goals for this period are 1 for Ice Dragons vs 1 for Punishers.
Shots for this period are 10 for Ice Dragons vs 19 for Punishers.

3rd period


0:01 of 3rd period - Jeff Tambellini wins face-off versus Éric Perrin in neutral zone.
0:26 of 3rd period - Éric Perrin is hit by Paul Bissonnette and loses puck.
0:33 of 3rd period - Wrist shot by Paul Bissonnette.
0:33 of 3rd period - Shot Misses the Net.
0:35 of 3rd period - Wrist shot by Reilly Smith.
0:35 of 3rd period - Shot Blocked by Tom Gilbert.
0:37 of 3rd period - Wrist shot by Paul Bissonnette.
0:37 of 3rd period - Deflect By Reilly Smith.
0:37 of 3rd period - Shot Misses the Net.
0:37 of 3rd period - Puck is out of play.
0:38 of 3rd period - Patrick O'Sullivan wins face-off versus Petteri Nokelainen in Punishers zone.
0:49 of 3rd period - Snap shot by Jeff Tambellini.
0:49 of 3rd period - Shot Misses the Net.
1:12 of 3rd period - Slapshot by Troy Brouwer.
1:12 of 3rd period - Shot Blocked by Mark Fraser.
1:24 of 3rd period - Wrist shot by Adam Pardy.
1:24 of 3rd period - Shot Blocked by Keaton Ellerby.
1:26 of 3rd period - Wrist shot by Danny Syvret.
1:26 of 3rd period - Deflect By Marc-Antoine Pouliot.
1:26 of 3rd period - Shot Misses the Net.
1:26 of 3rd period - Puck is out of play.
1:27 of 3rd period - Marc-Antoine Pouliot wins face-off versus Brandon McMillan in Punishers zone.
1:28 of 3rd period - Snap shot by Reilly Smith.
1:28 of 3rd period - Deflect By Paul Bissonnette.
1:28 of 3rd period - Stopped by Robin Lehner without a rebound.
1:29 of 3rd period - Éric Perrin wins face-off versus Marc-Antoine Pouliot in Punishers zone.
1:31 of 3rd period - Icing by Tom Gilbert.
1:32 of 3rd period - Jeff Tambellini wins face-off versus Éric Perrin in Punishers zone.
1:35 of 3rd period - Wrist shot by Cal Clutterbuck.
1:35 of 3rd period - Shot Blocked by Éric Perrin.
1:37 of 3rd period - Slapshot by Jeff Tambellini.
1:37 of 3rd period - Stopped by Robin Lehner with a rebound.
1:39 of 3rd period - Slapshot by Danny Syvret.
1:39 of 3rd period - Stopped by Robin Lehner without a rebound.
1:40 of 3rd period - Patrick O'Sullivan wins face-off versus Éric Perrin in Punishers zone.
1:53 of 3rd period - Snap shot by Jeff Tambellini.
1:53 of 3rd period - Stopped by Robin Lehner without a rebound.
1:54 of 3rd period - Patrick O'Sullivan wins face-off versus Éric Perrin in Punishers zone.
2:06 of 3rd period - Tom Gilbert is hit by Jeff Tambellini and loses puck.
2:46 of 3rd period - Wrist shot by Erik Condra.
2:46 of 3rd period - Stopped by Anders Nilsson without a rebound.
2:47 of 3rd period - Alexander Radulov wins face-off versus Éric Perrin in Ice Dragons zone.
2:56 of 3rd period - Mike Weber is hit by Kris Beech and loses puck.
3:07 of 3rd period - Snap shot by Troy Brouwer.
3:07 of 3rd period - Shot Misses the Net.
3:13 of 3rd period - Mike Grier is hit by Troy Brouwer.
3:17 of 3rd period - Snap shot by Alexander Radulov.
3:17 of 3rd period - Shot Misses the Net.
3:36 of 3rd period - Snap shot by Alexander Radulov.
3:36 of 3rd period - Shot Misses the Net.
3:38 of 3rd period - Snap shot by Kris Beech.
3:38 of 3rd period - Goal by Kris Beech - Ice Dragons : 3 - Punishers : 1.
3:39 of 3rd period - Tanner Glass wins face-off versus Patrick O'Sullivan in neutral zone.
4:14 of 3rd period - Snap shot by John Mitchell.
4:14 of 3rd period - Deflect By Justin Falk.
4:14 of 3rd period - Shot Misses the Net.
4:14 of 3rd period - Puck is out of play.
4:15 of 3rd period - Éric Perrin wins face-off versus Cal Clutterbuck in Punishers zone.
4:15 of 3rd period - Éric Perrin is hit by Patrick O'Sullivan.
4:21 of 3rd period - Cal Clutterbuck is hit by Kris Chucko and loses puck.
4:42 of 3rd period - Adam Pineault is hit by Reilly Smith and loses puck.
4:53 of 3rd period - Snap shot by Paul Bissonnette.
4:53 of 3rd period - Shot Blocked by Mark Fraser.
4:55 of 3rd period - Snap shot by Marc-Antoine Pouliot.
4:55 of 3rd period - Stopped by Robin Lehner with a rebound.
5:13 of 3rd period - Slapshot by Mark Fraser.
5:13 of 3rd period - Stopped by Anders Nilsson with a rebound.
5:17 of 3rd period - Snap shot by Radek Smolenak.
5:17 of 3rd period - Shot Blocked by Troy Brouwer.
5:27 of 3rd period - Erik Condra is hit by Danny Syvret and loses puck.
6:00 of 3rd period - Kris Chucko is hit by Cal Clutterbuck and loses puck.
6:28 of 3rd period - Brad Isbister is hit by Jonathan Blum and loses puck.
7:01 of 3rd period - Erik Condra is hit by Frazer Mclaren and loses puck.
7:24 of 3rd period - Snap shot by Mike Grier.
7:24 of 3rd period - Shot Misses the Net.
7:40 of 3rd period - Mike Weber is hit by Paul Bissonnette and loses puck.
8:05 of 3rd period - Wrist shot by Erik Condra.
8:05 of 3rd period - Deflect By Tanner Glass.
8:05 of 3rd period - Shot Misses the Net.
8:05 of 3rd period - Puck is out of play.
8:06 of 3rd period - Kris Beech wins face-off versus Petteri Nokelainen in Ice Dragons zone.
8:06 of 3rd period - Alexander Radulov is hit by Petteri Nokelainen and loses puck.
8:23 of 3rd period - Minor Penalty to Troy Brouwer for Interference.
8:24 of 3rd period - Kris Beech wins face-off versus Éric Perrin in Ice Dragons zone.
8:33 of 3rd period - Off-side.
8:34 of 3rd period - Kris Beech wins face-off versus Kris Chucko in neutral zone.
8:39 of 3rd period - Backhand shot by Adam Pardy.
8:39 of 3rd period - Shot Misses the Net.
8:41 of 3rd period - Snap shot by Cal Clutterbuck.
8:41 of 3rd period - Shot Misses the Net.
8:43 of 3rd period - Wrist shot by Kris Beech.
8:43 of 3rd period - Stopped by Robin Lehner without a rebound.
8:44 of 3rd period - Kris Beech wins face-off versus Éric Perrin in Punishers zone.
10:23 of 3rd period - Penalty to Troy Brouwer is over, Troy Brouwer is back on ice.
10:33 of 3rd period - Icing by Marc-Antoine Pouliot.
10:34 of 3rd period - Paul Bissonnette wins face-off versus Casey Cizikas in Ice Dragons zone.
11:06 of 3rd period - Adam Pineault is hit by Paul Bissonnette.
11:16 of 3rd period - Snap shot by Adam Pineault.
11:16 of 3rd period - Stopped by Anders Nilsson with a rebound.
11:18 of 3rd period - Snap shot by Casey Cizikas.
11:18 of 3rd period - Shot Misses the Net.
11:20 of 3rd period - Wrist shot by Casey Cizikas.
11:20 of 3rd period - Shot Misses the Net.
11:30 of 3rd period - Wrist shot by Marc-Antoine Pouliot.
11:30 of 3rd period - Stopped by Robin Lehner without a rebound.
11:31 of 3rd period - Patrick O'Sullivan wins face-off versus Éric Perrin in Punishers zone.
11:34 of 3rd period - Slapshot by Cal Clutterbuck.
11:34 of 3rd period - Goal by Cal Clutterbuck - Ice Dragons : 4 - Punishers : 1.
11:35 of 3rd period - Éric Perrin wins face-off versus Jeff Tambellini in neutral zone.
11:48 of 3rd period - Snap shot by Jeff Tambellini.
11:48 of 3rd period - Shot Misses the Net.
11:50 of 3rd period - Wrist shot by Patrick O'Sullivan.
11:50 of 3rd period - Shot Blocked by Kris Chucko.
11:56 of 3rd period - Minor Penalty to Keaton Ellerby for Roughing.
11:57 of 3rd period - Cal Clutterbuck wins face-off versus Petteri Nokelainen in Punishers zone.
12:10 of 3rd period - Snap shot by Patrick O'Sullivan.
12:10 of 3rd period - Shot Blocked by Mark Fraser.
12:12 of 3rd period - Wrist shot by Cal Clutterbuck.
12:12 of 3rd period - Shot Misses the Net.
13:56 of 3rd period - Penalty to Keaton Ellerby is over, Keaton Ellerby is back on ice.
14:23 of 3rd period - Wrist shot by John Mitchell.
14:23 of 3rd period - Shot Misses the Net.
14:25 of 3rd period - Wrist shot by John Mitchell.
14:25 of 3rd period - Goal by John Mitchell - Ice Dragons : 5 - Punishers : 1.
14:26 of 3rd period - Patrick O'Sullivan wins face-off versus Éric Perrin in neutral zone.
14:52 of 3rd period - Jonathan Blum is hit by Mark Fraser and loses puck.
15:41 of 3rd period - Snap shot by Shean Donovan.
15:41 of 3rd period - Stopped by Robin Lehner without a rebound.
15:42 of 3rd period - Patrick O'Sullivan wins face-off versus Brandon McMillan in Punishers zone.
15:43 of 3rd period - Snap shot by Jeff Tambellini.
15:43 of 3rd period - Goal by Jeff Tambellini - Ice Dragons : 6 - Punishers : 1.
15:44 of 3rd period - Éric Perrin wins face-off versus Patrick O'Sullivan in neutral zone.
15:47 of 3rd period - Slapshot by Tom Gilbert.
15:47 of 3rd period - Stopped by Anders Nilsson without a rebound.
15:48 of 3rd period - Patrick O'Sullivan wins face-off versus Éric Perrin in Ice Dragons zone.
15:55 of 3rd period - Slapshot by Jeff Tambellini.
15:55 of 3rd period - Stopped by Robin Lehner without a rebound.
15:56 of 3rd period - Éric Perrin wins face-off versus Patrick O'Sullivan in Punishers zone.
16:24 of 3rd period - Minor Penalty to Kris Beech for Hooking.
16:25 of 3rd period - Éric Perrin wins face-off versus John Mitchell in Ice Dragons zone.
16:30 of 3rd period - Slapshot by Kris Chucko.
16:30 of 3rd period - Shot Misses the Net.
16:32 of 3rd period - Wrist shot by Éric Perrin.
16:32 of 3rd period - Stopped by Anders Nilsson with a rebound.
16:34 of 3rd period - Slapshot by Keaton Ellerby.
16:34 of 3rd period - Goal by Keaton Ellerby - Ice Dragons : 6 - Punishers : 2.
16:35 of 3rd period - Patrick O'Sullivan wins face-off versus Éric Perrin in neutral zone.
16:57 of 3rd period - Icing by Tom Gilbert.
16:58 of 3rd period - Kris Beech wins face-off versus Éric Perrin in Punishers zone.
18:17 of 3rd period - Wrist shot by John Mitchell.
18:17 of 3rd period - Stopped by Robin Lehner without a rebound.
18:18 of 3rd period - Kris Beech wins face-off versus Casey Cizikas in Punishers zone.
18:21 of 3rd period - Snap shot by Troy Brouwer.
18:21 of 3rd period - Deflect By Kris Beech.
18:21 of 3rd period - Goal by Kris Beech - Ice Dragons : 7 - Punishers : 2.
18:22 of 3rd period - Éric Perrin wins face-off versus Patrick O'Sullivan in neutral zone.
18:31 of 3rd period - Snap shot by Mike Grier.
18:31 of 3rd period - Shot Blocked by Jonathan Blum.
18:33 of 3rd period - Slapshot by Keaton Ellerby.
18:33 of 3rd period - Stopped by Anders Nilsson without a rebound.
18:34 of 3rd period - Éric Perrin wins face-off versus Patrick O'Sullivan in Ice Dragons zone.
18:40 of 3rd period - Mike Grier beats up Adam Pardy.
18:40 of 3rd period - Penalty to Mike Grier for Fighting.
18:40 of 3rd period - Penalty to Adam Pardy for Fighting.
18:41 of 3rd period - Patrick O'Sullivan wins face-off versus Éric Perrin in Punishers zone.
18:48 of 3rd period - Wrist shot by Jeff Tambellini.
18:48 of 3rd period - Shot Misses the Net.
18:50 of 3rd period - Slapshot by Patrick O'Sullivan.
18:50 of 3rd period - Shot Misses the Net.
18:52 of 3rd period - Snap shot by Cal Clutterbuck.
18:52 of 3rd period - Shot Misses the Net.
19:15 of 3rd period - Slapshot by Petteri Nokelainen.
19:15 of 3rd period - Shot Misses the Net.
19:17 of 3rd period - Snap shot by Petteri Nokelainen.
19:17 of 3rd period - Shot Blocked by Jonathan Blum.
19:27 of 3rd period - Snap shot by Marc-Antoine Pouliot.
19:27 of 3rd period - Stopped by Robin Lehner with a rebound.
19:31 of 3rd period - Wrist shot by Marc-Antoine Pouliot.
19:31 of 3rd period - Shot Misses the Net.
19:49 of 3rd period - Snap shot by Jeff Tambellini.
19:49 of 3rd period - Stopped by Robin Lehner with a rebound.
Goals for this period are 5 for Ice Dragons vs 1 for Punishers.
Shots for this period are 17 for Ice Dragons vs 7 for Punishers.


Output by the SimonT Hockey Simulator (STHS) for François Prévost -- Original Page W3C XHTML 1.0 Valid
Hockey Simulator - Hockey Simulation - Hockey Manager